 Dungeon Crawl Stone Soup version 0.31.0-32-g396128a36d (webtiles) character file.

Game seed: 12053048569661358268

40704 Gabide the Devastator (level 14, -17/86 HPs)
             Began as a Tengu Conjurer on Apr 13, 2024.
             Was a High Priest of Vehumet.
             Killed from afar by a frost giant (24 damage)
             ... with a bolt of cold
             ... on level 15 of the Dungeon.
             The game lasted 01:03:18 (26907 turns).

Gabide the Devastator (Tengu Conjurer)             Turns: 26907, Time: 01:03:18

Health: -17/86     AC: 15    Str:  8    XL:     14   Next: 12%
Magic:  6/31       EV: 19    Int: 28    God:    Vehumet [*****.]
Gold:   1025       SH:  0    Dex: 19    Spells: 3/38 levels left

rFire   + . .        b - +4 sling of Focus {heavy, rElec rPois}
rCold   . . .        G - orb of the Transparent God {mayhem, rF+ rCorr}
rNeg    . . .        v - +7 leather armour of Guicenad {Dex+2}
rPois   +            V - +2 hat
rElec   +            z - scarf {repulsion}
rCorr   +            j - +2 pair of gloves {Dex+3}
SInv    .            (boots unavailable)
Will    ++...        g - amulet of faith
Stlth   ++           Q - ring of willpower
HPRegen 0.34/turn    B - +6 ring of intelligence
MPRegen 0.22/turn

%: mayhem, repel missiles, acrobat, faith
@: flying
A: beak, talons 3, evasive flight, acrobatic
a: Renounce Religion


You were on level 15 of the Dungeon.
You worshipped Vehumet.
Vehumet was extremely pleased with you.
You visited 3 branches of the dungeon, and saw 18 of its levels.
You also visited: Ossuary.

You collected 1858 gold pieces.
You spent 833 gold pieces at shops.

Inventory:

Hand Weapons
 a - a +5 short sword of speed
 b - the +4 sling of Focus (weapon) {heavy, rElec rPois}
   (You found it on level 11 of the Dungeon)

   rElec:     It insulates you from electricity.
   rPois:     It protects you from poison
Missiles
 n - a throwing net
 A - a curare-tipped dart
Armour
 d - an orb of light
 i - the +1 robe of the Vaults {Will+}
   (You found it on level 5 of the Dungeon)

   Will+:     It increases your willpower.
 j - a +2 pair of gloves of dexterity (worn)
 l - a +0 cloak
 u - +0 steam dragon scales
 v - the +7 leather armour of Guicenad (worn) {Dex+2}
   (You bought it in a shop on level 14 of the Dungeon)

   Dex+2:     It affects your dexterity (+2).
 z - a scarf of repulsion (worn)
 G - the orb of the Transparent God (worn) {mayhem, rF+ rCorr}
   (You found it on level 8 of the Dungeon)

   rF+:       It protects you from fire.
   rCorr:     It protects you from acid and corrosion.
 V - a +2 hat (worn)
Jewellery
 e - a +4 ring of protection
 g - an amulet of faith (around neck)
 k - a ring of ice
 B - a +6 ring of intelligence (right hand)
 I - a ring of positive energy
 K - the amulet "Leome" {RegenMP rC- rN++}
   (You took it off a kobold on level 10 of the Dungeon)

   [amulet of magic regeneration]

   RegenMP:   It increases your rate of magic regeneration.
   rC-:       It makes you vulnerable to cold.
   rN++:      It greatly protects you from negative energy.
 Q - a ring of willpower (left hand)
 S - the amulet "Velek" {RegenMP Str+5}
   (You found it on level 13 of the Dungeon)

   [amulet of magic regeneration]

   RegenMP:   It increases your rate of magic regeneration.
   Str+5:     It affects your strength (+5).
 T - a ring of protection from fire
Wands
 o - a wand of digging (7)
 x - a wand of light (14)
 E - a wand of roots (26)
Scrolls
 y - 3 scrolls of teleportation
 F - 3 scrolls of fog
 H - a scroll of revelation
 O - 2 scrolls of torment
Potions
 f - 5 potions of cancellation
 h - a potion of mutation
 p - 2 potions of lignification
 q - 11 potions of curing
 r - 3 potions of attraction
 t - a potion of haste
 J - a potion of heal wounds {unknown}
 M - 4 potions of berserk rage
 N - a potion of might {unknown}
 P - a potion of invisibility {unknown}
Miscellaneous
 c - a phial of floods
 m - a lightning rod (4/4)


   Skills:
 + Level 9.4 Fighting
 + Level 6.7 Dodging
 - Level 3.0 Stealth
 * Level 12.5 Spellcasting
 * Level 15.8 Conjurations
 * Level 15.7 Air Magic


You had 3 spell levels left.
You knew the following spells:

 Your Spells              Type           Power      Damage    Failure   Level
a - Magic Dart            Conj           100%       1d8       0%          1
b - Searing Ray           Conj           100%       2d8       0%          2
c - Stone Arrow           Conj/Erth      100%       3d13      1%          3
d - Mephitic Cloud        Conj/Alch/Air  66%        N/A       1%          3
e - Airstrike             Air            41%        2d(6-22)  1%          4
f - Freezing Cloud        Conj/Ice/Air   33%        6-21      1%          5
g - Iskenderun's Mystic   Conj/Tloc      58%        2d12      1%          4
h - Conjure Ball Lightni  Conj/Air       41%        3x3d13    1%          6
i - Orb of Destruction    Conj           41%        9d11      1%          7

Your spell library contained the following spells:

 Spells                   Type           Power      Damage    Failure   Level
 Arcjolt                  Conj/Air       41%        1d51      1%          5
 Shock                    Conj/Air       100%       1d9       0%          1
 Kiss of Death            Conj/Necr      100%       2d13      1%          1
 Sandblast                Erth           34%        2d9       1%          1
 Sting                    Conj/Alch      100%       1d9       1%          1
 Mercury Vapours          Alch/Air       100%       N/A       1%          2
 Swiftness                Air            82%        N/A       1%          3
 Apportation              Tloc           34%        N/A       4%          1
 Necrotise                Necr           68%        1d7       4%          1
 Summon Small Mammal      Summ           68%        N/A       4%          1
 Ensorcelled Hibernation  Hex/Ice        34%        N/A       7%          2
 Call Canine Familiar     Summ           17%        N/A       14%         3
 Confusing Touch          Hex            17%        N/A       14%         3
 Fugue of the Fallen      Necr           17%        N/A       14%         3
 Passwall                 Erth           17%        N/A       14%         3
 Brom's Barrelling Bould  Conj/Erth      58%        2d7       1%          4
 Fulminant Prism          Conj/Alch      29%        3d13      1%          4
 Olgreb's Toxic Radiance  Alch           17%        N/A       12%         4
 Anguish                  Hex/Necr       8%         N/A       41%         4
 Dispel Undead            Necr           17%        3d10      41%         4
 Summon Blazeheart Golem  Fire/Summ      17%        N/A       41%         4


Dungeon Overview and Level Annotations

Branches:
Dungeon (15/15)            Temple (1/1) D:6            Lair (0/5) D:8
    Orc (2/2) D:9             Elf (0/3) Orc:2        Vaults (0/5) D:13
 Depths (0/4) D:15        Ossuary (visited)

Altars:
Ashenzari
Cheibriados
Dithmenos
Elyvilon
Fedhas
Gozag
Hepliaklqana
Kikubaaqudgha
Makhleb
Nemelex Xobeh
Okawaru
Qazlal
Ru
Sif Muna
Trog
Uskayaw
Vehumet
Wu Jian
Xom
Yredelemnul
Zin
The Shining One
Lugonu

Shops:
D:9 ([   D:14 [   Orc:1 *[[   Orc:2 ([*=


Innate Abilities, Weirdness & Mutations

You have a beak for a mouth.
You have claws for feet.
Your magical flight helps you evade attacks. (EV +4)
You can magically evade attacks while moving or waiting.


Message History

There is a stone staircase leading up here.
A frost giant is nearby!
A frost giant is nearby!
The frost giant gestures at you while chanting.
The bolt of cold misses you.
The orb of destruction hits the frost giant!!!
The frost giant is heavily wounded.
The frost giant points at you and mumbles some strange words.
The bolt of cold misses you.
Casting: Orb of Destruction (dangerous; 1% risk of failure)
Confirm with . or Enter, or press ? or * to list all spells.
You erupt in a blast of force!
The mystic blast hits the frost giant!
The frost giant is heavily wounded.
Unknown command.
Unknown command.
Casting: Iskenderun's Mystic Blast (mildly dangerous; 1% risk of failure)
Confirm with . or Enter, or press ? or * to list all spells.
You erupt in a blast of force!
The mystic blast hits the frost giant!
The frost giant is severely wounded.
The frost giant hits you with a +0 battleaxe of freezing!!!
The frost giant freezes you!!
Unknown command.
Casting: Iskenderun's Mystic Blast (mildly dangerous; 1% risk of failure)
Confirm with . or Enter, or press ? or * to list all spells.
You erupt in a blast of force!
The mystic blast hits the frost giant!!
The frost giant is almost dead.
The frost giant is knocked back by the mystic blast.
The frost giant slams into the rock wall!
The frost giant is almost dead.
Aiming: Orb of Destruction (dangerous; 1% risk of failure)
Press: ? - help, Q - select action, (/) - cycle Shift-Dir - straight line, f/p - frost giant
Aim: a frost giant, wielding a +0 battleaxe of freezing (almost dead)
Your orb of destruction hits a rock wall.
The frost giant gestures at you while chanting.
The bolt of cold hits you!!
* * * LOW HITPOINT WARNING * * *
Okay, then.
The frost giant gestures at you while chanting.
The bolt of cold hits you!!
You die...

.## ##### #.....##.#
.# #...###.....##.#
.# #.#.'.#........#
.# #...#.#####....#
.# #...#.....#..#.#
#####...#######....#
.........C....C....#
...##.)..#....#○.#.#
...##....#....#.@..#
...................#
#........######....#
#.##..##.# #.#..#
#.##.....# #....#
#.##.....# #....#
#........# #....#
####+#...+ .. ..#
#.#.#


You could see a frost giant.

Vanquished Creatures
  An orc warlord (Orc:2)
  2 boulder beetles
  2 centaur warriors
  The ghost of Peloso the Carver, a novice MiFi (D:10)
  5 two-headed ogres
  2 tengu warriors (D:15)
  3 orc high priests (Orc:2)
  Urug (Orc:2)
  2 demonic crawlers (D:13)
  An occultist (D:13)
  4 skeletal warriors (D:14)
  2 slime creatures (D:14)
  3 orc knights (Orc:2)
  An ugly thing (D:12)
  2 orc sorcerers (Orc:2)
  A cyclops (D:12)
  3 kobold blastminers (Orc:1)
  4 manticores
  A rust devil (D:13)
  2 gargoyles
  An orange demon (D:13)
  A komodo dragon (D:11)
  2 unseen horrors
  2 kobold demonologists
  5 trolls
  A hornet (shapeshifter) (D:15)
  Grinder (D:3)
  Prince Ribbit (D:6)
  A hornet (D:14)
  A shadow (D:11)
  Sigmund (D:3)
  7 yaks
  2 basilisks
  A wyvern (D:9)
  5 wraiths
  4 humans (D:7)
  Grum (D:11)
  3 wargs
  4 steam dragons
  Menkaure (D:5)
  5 vampire mosquitoes
  8 water moccasins
  Duvessa (D:6)
  2 acid dragons (D:13)
  An ice beast (D:6)
  20 orc warriors
  6 ogres
  2 black bears
  4 wolves (D:11)
  4 centaurs (D:14)
  A phantom (D:4)
  6 kobold brigands
  5 bullfrogs
  2 gnoll sergeants
  A wyvern zombie (D:7)
  7 scorpions
  4 water moccasin zombies (Ossuary)
  A burial acolyte (Ossuary)
  7 wights (D:7)
  Dowan (D:6)
  4 killer bees
  A centaur zombie (D:7)
  5 howler monkeys
  A crimson imp (D:13)
  An electric eel (D:7)
  4 bombardier beetles (D:5)
  3 quasits (D:13)
  4 hounds
  19 orc priests
  3 iron imps (D:13)
  2 jellies (D:5)
  Crazy Yiuf (D:3)
  A gnoll bouda (D:6)
  3 sleepcaps
  An iguana (D:5)
  21 orc wizards
  A killer bee zombie (D:7)
  2 crocodile zombies (Ossuary)
  3 mummies
  11 gnolls
  A howler monkey zombie (D:7)
  4 adders
  3 river rats (D:13)
  A shadow imp (D:13)
  6 white imps
  4 ufetubi
  4 adder zombies (Ossuary)
  3 dart slugs
  A ribbon worm (D:2)
  73 orcs
  12 ball pythons
  6 endoplasms
  6 giant cockroaches
  9 goblins
  5 hobgoblins
  20 kobolds
  4 quokkas
  4 bats
  3 frilled lizards (D:2)
  11 gnoll zombies (Ossuary)
  3 jackal zombies (Ossuary)
  A kobold zombie (D:6)
  9 orc zombies
  4 rats
464 creatures vanquished.

Vanquished Creatures (collateral kills)
  2 orc sorcerers (Orc:2)
  A kobold blastminer (Orc:1)
  A kobold demonologist (D:14)
  6 orc warriors (Orc:2)
  A centaur (D:14)
  2 ogres (Orc:2)
  A kobold brigand (D:14)
  A crimson imp (D:13)
  4 orc priests
  2 orc wizards (Orc:2)
  A river rat (D:13)
  A shadow imp (D:13)
  9 orcs
  3 kobolds (D:14)
35 creatures vanquished.

Vanquished Creatures (others)
  A manticore (D:15)
  A basilisk (D:13)
  An orc warrior (Orc:2)
  An orc priest (Orc:2)
  An orc wizard (Orc:2)
  An ufetubus (D:13)
  3 orcs
  3 ball lightnings (D:10)
12 creatures vanquished.

Grand Total: 511 creatures vanquished

Notes
Turn   | Place    | Note
-------+----------+-------------------------------------------
     0 | D:1      | Gabide the Tengu Conjurer began the quest for the Orb.
     0 | D:1      | Reached XP level 1. HP: 10/10 MP: 4/4
   295 | D:1      | Reached XP level 2. HP: 16/16 MP: 1/6
   383 | D:1      | Learned a level 2 spell: Searing Ray
   715 | D:1      | Reached XP level 3. HP: 20/20 MP: 0/7
  1435 | D:2      | Reached skill level 1 in Fighting
  1861 | D:2      | Reached XP level 4. HP: 25/25 MP: 4/8
  2931 | D:3      | Noticed Grinder
  2940 | D:3      | Paralysed by Grinder for 5 turns
  2945 | D:3      | Killed Grinder
  2946 | D:3      | Reached XP level 5. HP: 17/31 MP: 1/11
  2946 | D:3      | Reached XP level 6. HP: 20/36 MP: 1/12
  3090 | D:3      | Noticed Sigmund
  3116 | D:3      | Killed Sigmund
  3117 | D:3      | Gained mutation: Your magical flight helps you evade
                  | attacks. (EV +4) [Tengu growth]
  3117 | D:3      | Reached XP level 7. HP: 34/41 MP: 6/14
  3559 | D:3      | Found a runed translucent door.
  3560 | D:3      | Noticed Crazy Yiuf
  3838 | D:3      | Killed Crazy Yiuf
  4021 | D:4      | Identified the +2 ring mail of Cheibriados's Whim {Dex-2
                  | Slay+5 Stlth+}
  4079 | D:4      | Found an iron altar of Okawaru.
  4936 | D:5      | Entered Level 5 of the Dungeon
  5057 | D:5      | Learned a level 3 spell: Stone Arrow
  5243 | D:5      | Reached XP level 8. HP: 48/48 MP: 1/16
  5265 | D:5      | Reached skill level 5 in Spellcasting
  5532 | D:5      | Noticed Menkaure
  5964 | D:5      | Found a large runed translucent door.
  5965 | D:5      | Found a large runed translucent door.
  5973 | D:5      | Found a large runed translucent door.
  5973 | D:5      | Found a large runed translucent door.
  6026 | D:5      | Killed Menkaure
  6473 | D:5      | Found an ancient bone altar of Kikubaaqudgha.
  6650 | D:5      | Found a radiant altar of Vehumet.
  6695 | D:5      | Found a shimmering blue altar of Sif Muna.
  6707 | D:5      | Became a worshipper of Vehumet
  6867 | D:5      | Reached skill level 10 in Conjurations
  6867 | D:5      | Noticed a wraith
  6870 | D:5      | Killed a wraith
  6871 | D:5      | Reached skill level 1 in Air Magic
  7045 | D:5      | Learned a level 3 spell: Mephitic Cloud
  7095 | D:5      | Reached XP level 9. HP: 49/53 MP: 6/19
  7219 | D:5      | Noticed a two-headed ogre
  7429 | D:5      | Killed a two-headed ogre
  7430 | D:5      | Reached skill level 5 in Fighting
  7572 | D:5      | Identified the +1 robe of the Vaults {Will+}
  7861 | D:6      | Reached skill level 5 in Air Magic
  7994 | D:6      | Noticed Duvessa
  7994 | D:6      | Noticed Dowan
  8000 | D:6      | Found a sand-covered staircase.
  8013 | Ossuary  | Entered an ossuary
  8062 | Ossuary  | Reached * piety under Vehumet
  8062 | Ossuary  | Offered knowledge of Foxfire by Vehumet.
  8751 | Ossuary  | Offered knowledge of Scorch by Vehumet.
  8805 | Ossuary  | Reached ** piety under Vehumet
  8949 | D:6      | Killed Dowan
  8952 | D:6      | Reached XP level 10. HP: 55/60 MP: 7/22
  9108 | D:6      | Found a staircase to the Ecumenical Temple.
  9447 | Temple   | Entered the Ecumenical Temple
  9498 | D:6      | Found a snail-covered altar of Cheibriados.
  9504 | D:6      | Killed Duvessa
  9659 | D:6      | Offered knowledge of Frozen Ramparts by Vehumet.
 10342 | D:7      | Reached *** piety under Vehumet
 10381 | D:7      | Noticed Prince Ribbit
 10587 | D:6      | Killed Prince Ribbit
 10818 | D:7      | Offered knowledge of Sticky Flame by Vehumet.
 10882 | D:7      | Learned a level 4 spell: Airstrike
 10995 | D:7      | Learned a level 5 spell: Freezing Cloud
 11001 | D:7      | Learned a level 4 spell: Iskenderun's Mystic Blast
 12218 | D:8      | Reached **** piety under Vehumet
 12522 | D:8      | Reached skill level 10 in Air Magic
 12543 | D:8      | Reached XP level 11. HP: 64/64 MP: 5/25
 12779 | D:8      | Found a staircase to the Lair.
 13069 | D:8      | Offered knowledge of Yara's Violent Unravelling by Vehumet.
 13088 | D:8      | You are sucked into a shaft and drop 2 floors!
 13088 | D:10     | Entered Level 10 of the Dungeon
 13436 | D:10     | Found a large runed translucent door.
 13487 | D:9      | Found a stormy altar of Qazlal.
 13624 | D:9      | Found Qeuffesch's Armour Emporium.
 13700 | D:9      | Found a staircase to the Orcish Mines.
 13702 | D:9      | Found Xokepoikh's Weapon Emporium.
 13789 | D:9      | Bought a +0 pair of gloves for 67 gold pieces
 14081 | D:8      | Noticed a two-headed ogre
 14093 | D:8      | Killed a two-headed ogre
 14385 | D:8      | Identified the orb of the Transparent God {mayhem, rF+
                  | rCorr}
 14459 | D:9      | Found a hazy altar of Hepliaklqana.
 14791 | D:9      | Found a shimmering altar of Xom.
 14791 | D:9      | Found an ornate altar of the Wu Jian Council.
 14794 | D:9      | Found a bloodstained altar of Trog.
 14796 | D:9      | Found a burning altar of Makhleb.
 14797 | D:9      | Found a shadowy altar of Dithmenos.
 14951 | D:10     | Found a large runed translucent door.
 14952 | D:10     | Noticed Peloso's ghost (novice MiFi)
 15167 | D:10     | Identified the amulet "Leome" {RegenMP rC- rN++}
 15226 | D:10     | Reached ***** piety under Vehumet
 15319 | D:10     | Noticed a two-headed ogre
 15322 | D:10     | Killed a two-headed ogre
 15576 | D:10     | Found a sparkling altar of Nemelex Xobeh.
 15584 | D:10     | Offered knowledge of Conjure Ball Lightning by Vehumet.
 15592 | D:10     | Learned a level 6 spell: Conjure Ball Lightning
 15830 | D:10     | Killed Peloso's ghost
 16177 | D:11     | Noticed a two-headed ogre
 16183 | D:11     | Killed a two-headed ogre
 16483 | D:11     | Reached XP level 12. HP: 33/71 MP: 16/26
 16635 | D:11     | Identified the +4 sling of Focus {heavy, rElec rPois}
 16835 | D:11     | Noticed Grum
 16837 | D:11     | Killed Grum
 17408 | D:12     | Reached skill level 10 in Spellcasting
 17469 | D:12     | Reached skill level 5 in Dodging
 18497 | D:13     | Noticed a demonic crawler
 18501 | D:13     | Killed a demonic crawler
 19067 | D:13     | Identified the amulet "Velek" {RegenMP Str+5}
 19105 | D:13     | Noticed a demonic crawler
 19127 | D:13     | Killed a demonic crawler
 19524 | D:14     | Noticed a boulder beetle
 19530 | D:14     | Killed a boulder beetle
 19874 | D:14     | Noticed a centaur warrior
 19879 | D:14     | Killed a centaur warrior
 20602 | D:14     | Found Jig Dag's Armour Boutique.
 20611 | D:14     | Bought a +2 pair of gloves of dexterity for 236 gold pieces
 20891 | D:14     | Bought the +7 leather armour of Guicenad {Dex+2} for 530
                  | gold pieces
 20990 | D:14     | Reached XP level 13. HP: 78/78 MP: 8/28
 21689 | D:13     | Reached skill level 15 in Air Magic
 21787 | D:13     | Reached skill level 15 in Conjurations
 22006 | D:13     | Found a gate to the Vaults.
 22200 | D:15     | Entered Level 15 of the Dungeon
 22681 | D:15     | Found a staircase to the Depths.
 22681 | D:15     | Noticed a frost giant
 22716 | D:15     | Offered knowledge of Orb of Destruction by Vehumet.
 22968 | Orc:1    | Entered Level 1 of the Orcish Mines
 23059 | Orc:1    | Learned a level 7 spell: Orb of Destruction
 23117 | Orc:1    | Found Helanwiu's Antique Armour Emporium.
 23142 | Orc:1    | Found Ohim's Assorted Antiques.
 23473 | Orc:1    | Found Amympoh's Antique Armour Shop.
 23691 | Orc:1    | Found a burning altar of Makhleb.
 23736 | Orc:2    | Entered Level 2 of the Orcish Mines
 23744 | Orc:2    | Noticed Urug
 23953 | Orc:2    | Killed Urug
 24314 | Orc:2    | Found a staircase to the Elven Halls.
 25218 | Orc:2    | Offered knowledge of Arcjolt by Vehumet.
 25355 | Orc:2    | Noticed an orc warlord
 25360 | Orc:2    | Killed an orc warlord
 25692 | Orc:2    | Reached XP level 14. HP: 86/86 MP: 16/31
 26252 | Orc:2    | Found Dekul's Antique Armour Boutique.
 26254 | Orc:2    | Found Qielo's Antique Weapon Shop.
 26395 | Orc:2    | Found Iqegemn's General Store.
 26395 | Orc:2    | Found Aneid's Jewellery Boutique.
 26907 | D:15     | Killed from afar by a frost giant

Illustrated notes

Levels and vault maps discovered:
D:1:      dpeg_arrival_pits, layout_loops_ring, serial_forest,
          infiniplex_forest_clump_medium, infiniplex_forest_lined_2,
          infiniplex_forest_clump_long, infiniplex_forest_lined_4_way,
          infiniplex_forest_clump_double, infiniplex_forest_pool,
          infiniplex_forest_lined_room_, infiniplex_forest_clump_C
D:2:      layout_basic
D:3:      layout_loops_ring, uniq_sigmund, uniq_grinder, uniq_crazy_yiuf_cottage
D:4:      layout_loops_ring, okawaru_trees_2, nicolae_titane
D:5:      layout_basic, palyth_temple_overflow_mages,
          minmay_hollow_rounded_squares, uniq_menkaure
D:6:      layout_loops_ring, mainiacjoe_overflow_cross_hatched, temple_pool_b,
          nicolae_ossuary_entry_giza, uniq_duvessa
D:7:      layout_loops_ring, serial_undead, serial_undead_e, serial_undead_e,
          serial_undead_f, serial_undead_b, dreamdust_princess_bridge,
          minmay_misc_feat_plants, minmay_ruffians, uniq_prince_ribbit1
D:8:      layout_loops_ring, due_lair_maze_entry_diamond
D:9:      layout_long_grid, grunt_qazlal_sundering, grunt_temple_overflow_open,
          orc_david_3
D:10:     layout_irregular_city, general_overflow_altar,
          ebering_ghost_disaster_area
D:11:     layout_roguey, kennysheep_generic_room_3, uniq_grum
D:12:     layout_stronghold
D:13:     kennysheep_tiny_hell, layout_rooms, hellmonk_vaults_attempted_burglary
D:14:     layout_basic, serial_shops, nicolae_shop_tiny_glass,
          minmay_door_square
D:15:     grunt_enter_depths_snipers, layout_stronghold, minmay_misc_feat_room,
          lemuel_flamethrower_3, uniq_josephine
Temple:   corrupted_temple
Orc:1:    layout_caves, serial_shops, shop, shop, nicolae_shop_stone,
          basic_altar
Orc:2:    st_orc_congregation, layout_diamond_mine,
          portal_ice_cave_entry_pillars_1, mines2_lemuel, uniq_urug

Skill      XL: |  1  2  3  4  5  6  7  8  9 10 11 12 13 |
---------------+----------------------------------------+-----
Fighting       | 1 2 3 4 5 6 7 9 |  9.4
Conjurations   | 6 7 8 10 11 12 13 14 15 | 15.8
Dodging        | 3 4 6 |  6.7
Stealth        | 3 |  3.0
Spellcasting   | 3 4 6 7 9 10 12 | 12.5
Air Magic      | 2 5 10 13 14 15 | 15.7

Action                     |  1- 3 |  4- 6 |  7- 9 | 10-12 | 13-15 || total
---------------------------+-------+-------+-------+-------+-------++-------
  Melee: Dagger            |       |     2 |    60 |     8 |       ||    70
         Kick              |       |       |    21 |    15 |     2 ||    38
         Peck              |       |       |    10 |     6 |     1 ||    17
         Short sword       |       |       |       |    35 |     4 ||    39
   Fire: Sling             |       |       |       |     3 |    49 ||    52
  Throw: Throwing net      |       |       |       |     1 |       ||     1
         Dart              |       |       |       |       |     1 ||     1
   Cast: Magic Dart        |    74 |    55 |    75 |     3 |       ||   207
         Searing Ray       |       |     2 |    14 |     5 |     1 ||    22
         Stone Arrow       |       |       |   116 |    70 |     1 ||   187
         Mephitic Cloud    |       |       |     2 |     2 |     2 ||     6
         Airstrike         |       |       |       |   184 |    48 ||   232
         Freezing Cloud    |       |       |       |    50 |    15 ||    65
         Iskenderun's Myst |       |       |       |    27 |    31 ||    58
         Conjure Ball Ligh |       |       |       |     1 |       ||     1
         Orb of Destructio |       |       |       |       |    88 ||    88
  Evoke: Wand              |       |       |     3 |    11 |     1 ||    15
    Use: Scroll            |     1 |     6 |     9 |    16 |     1 ||    33
         Potion            |       |     1 |     1 |     1 |     2 ||     5
 Armour: Robe              |     4 |     7 |    63 |    59 |       ||   133
         Steam dragon scal |       |       |       |    11 |       ||    11
         Leather armour    |       |       |       |       |    48 ||    48
  Dodge: Dodged            |     2 |     8 |    82 |   130 |   107 ||   329
         Repelled          |       |       |       |     3 |     5 ||     8
  Block: Buckler           |       |       |       |     4 |       ||     4
